 Dungeon Crawl Stone Soup version 0.31.0-11-ge490571c62 (webtiles) character file.

Game seed: 5386830141760825538

85 monsoonserge the Grasshopper (level 4, -2/23 HPs)
             Began as a Spriggan Warper on Jan 30, 2024.
             Slain by an orc priest
             ... wielding a +0 hand axe
              (6 damage)
             ... on level 4 of the Dungeon.
             The game lasted 00:11:48 (2861 turns).

monsoonserge the Grasshopper (Spriggan Warper)      Turns: 2861, Time: 00:11:49

Health: -2/23      AC:  2    Str:  7    XL:     4   Next: 25%
Magic:  9/9        EV: 18    Int: 14    God:
Gold:   150        SH:  0    Dex: 16    Spells: 6/8 levels left

rFire   . . .        a - +0 short sword
rCold   . . .        (no shield)
rNeg    . . .        b - +0 robe
rPois   .            v - +0 hat {Stlth+}
rElec   .            (no cloak)
rCorr   .            (gloves unavailable)
SInv    +            (boots unavailable)
Will    .....        e - amulet of regeneration
Stlth   +++          (no ring)
HPRegen 1.03/turn    (no ring)
MPRegen 0.11/turn

%: no passive effects
@: very quick
A: very small, no large weapons, unfitting armour, see invisible, speed 3
a: no special abilities


You were on level 4 of the Dungeon.
You visited 1 branch of the dungeon, and saw 4 of its levels.

You collected 150 gold pieces.

Inventory:

Hand Weapons
 a - a +0 short sword (weapon)
Missiles
 d - 7 darts of dispersal (quivered)
 t - 2 poisoned darts
Armour
 b - a +0 robe (worn)
 v - a +0 hat of stealth (worn)
Jewellery
 e - an amulet of regeneration (around neck)
 s - a ring of protection from fire
Scrolls
 c - a scroll of blinking
 i - a scroll of enchant armour {unknown}
 l - a scroll of acquirement {unknown}
 m - a scroll of teleportation {unknown}
 n - a scroll of vulnerability {unknown}
 p - a scroll of immolation {unknown}
 q - a scroll of butterflies {unknown}
 r - a scroll of enchant weapon {unknown}
Potions
 f - a potion of lignification {unknown}
 g - 3 potions of curing {unknown}
 h - a potion of might {unknown}
 j - a potion of resistance {unknown}
 k - 2 potions of haste {unknown}
 o - 2 potions of heal wounds {unknown}
 u - a potion of mutation {unknown}


   Skills:
 + Level 2.0 Fighting
 * Level 3.8 Short Blades
 + Level 1.1 Throwing
 + Level 4.0 Dodging
 + Level 1.0 Stealth
 + Level 2.6 Spellcasting
 + Level 4.8 Translocations


You had 6 spell levels left.
You knew the following spells:

 Your Spells              Type           Power      Damage    Failure   Level
a - Blink                 Tloc           30%        N/A       4%          2

Your spell library contained the following spells:

 Spells                   Type           Power      Damage    Failure   Level
 Lesser Beckoning         Tloc           30%        N/A       4%          2
 Teleport Other           Tloc           15%        N/A       10%         3
 Manifold Assault         Tloc           15%        N/A       30%         4
 Vhi's Electric Charge    Tloc/Air       16%        N/A       63%         4


Dungeon Overview and Level Annotations

Branches:
Dungeon (4/15)
 Temple: D:4-7

Altars:
Kikubaaqudgha

Shops:
D:4 (

Annotations:
D:3 1 runed translucent door, VoidStrider's ghost, amateur TeAE
D:4 Robin


Innate Abilities, Weirdness & Mutations

You are very small and have problems with some larger weapons.
You are too small for most types of armour.
You have supernaturally acute eyesight. (SInv)
You cover ground extremely quickly. (Speed+++)


Message History

The orc priest misses you.
You closely miss the orc priest.
The orc priest is heavily wounded.
The orc priest hits you with a +0 hand axe.
You closely miss the orc priest.
The orc priest is heavily wounded.
The goblin misses you.
The orc priest invokes the aid of Beogh against you.
Beogh smites you!
Ouch! That really hurt!
You hit the orc priest.
The orc priest is severely wounded.
Robin closely misses you. The goblin misses you. The orc priest misses you.
You hit the orc priest.
The orc priest is severely wounded.
Robin throws the goblin at you! The goblin hits you with a +0 dagger.
* * * LOW HITPOINT WARNING * * *
The orc priest closely misses you.
Unknown command.
You closely miss the orc priest.
The orc priest is severely wounded.
Robin laughs in a distinctly smug fashion.
The goblin closely misses you. The orc priest closely misses you.
You hit the orc priest but do no damage.
You punch the orc priest.
The orc priest is severely wounded.
Robin hits you from afar with a +0 spear.
* * * LOW HITPOINT WARNING * * *
The goblin misses you. The orc priest completely misses you.
You barely miss the orc priest.
The orc priest is severely wounded.
The hobgoblin no longer looks unusually strong.
The hobgoblin closely misses you. Robin barely misses you.
You hit the orc priest.
The orc priest is almost dead.
The goblin no longer looks unusually strong.
The goblin hits you with a +0 dagger.
* * * LOW HITPOINT WARNING * * *
The orc priest hits you with a +0 hand axe.
You die...

#..<.....#.#.#.#.#..
#.......#.#.#.#.#.#.
#.....(#.#.#.#.#.#o#
#.....#.#.#.#.#.#.#.
#....#.#.#.#.#.#)#.#
#.....#.#.#.#.#.#.#.
#......#.#.#.#.#.#.#
##...g...#.#.#.#.#.#)
#..o@.....#.#.#.#g#..
#..g.......#.#.#.#...
#..g........#[#.#..o.
#.......#....#.#....#
#.......#.....#.....g
#.......#............
#.#######........+...
#......##...##...#...
##.....##...##...#...


You could see Robin, an orc priest, a hobgoblin and a goblin.

Vanquished Creatures
  3 dart slugs
  3 ribbon worms
  2 orcs (D:3)
  5 ball pythons
  7 endoplasms
  7 giant cockroaches
  12 goblins
  A hobgoblin (D:3)
  3 jackals (D:3)
  3 kobolds
  3 quokkas
  2 bats (D:3)
  3 frilled lizards
  12 rats
66 creatures vanquished.

Notes
Turn   | Place    | Note
-------+----------+-------------------------------------------
     0 | D:1      | monsoonserge the Spriggan Warper began the quest for the
                  | Orb.
     0 | D:1      | Reached XP level 1. HP: 10/10 MP: 5/5
    96 | D:1      | Reached XP level 2. HP: 10/14 MP: 6/6
   353 | D:1      | Learned a level 2 spell: Blink
   682 | D:2      | Reached XP level 3. HP: 18/18 MP: 8/8
   889 | D:2      | Noticed a scorpion
  1328 | D:2      | Found an ancient bone altar of Kikubaaqudgha.
  1559 | D:3      | Noticed VoidStrider's ghost (amateur TeAE)
  1565 | D:3      | Found a runed translucent door.
  2248 | D:4      | Identified the +1 helmet of Cheibriados's Favour {+Inv
                  | rF+++ rC- rCorr Stlth-}
  2248 | D:4      | Noticed Robin
  2260 | D:3      | Reached skill level 1 in Stealth
  2260 | D:3      | Reached XP level 4. HP: 17/23 MP: 9/9
  2584 | D:4      | Found Dumuk's Weapon Emporium.
  2861 | D:4      | Slain by an orc priest

Illustrated notes

Levels and vault maps discovered:
D:1:      onia_arrival_handbag, layout_rooms
D:2:      layout_loops_ring, basic_altar, minmay_split_cup_large
D:3:      layout_basic, hellmonk_ghost_happy_afterlife
D:4:      layout_gridville, grunt_temple_overflow_gold_and_silver,
          mainiacjoe_overflow_concentric_impassable, led_xom_imps, serial_shops,
          kennysheep_mini_moat, serial_bayou_pond_d, nicolae_the_louvre,
          uniq_robin

Skill      XL: |  1  2  3  4 |
---------------+-------------+-----
Short Blades   | 3 |  3.8
Stealth        | 1 |  1.0
Dodging        | 4 |  4.0
Fighting       | 2 |  2.0
Throwing       | |  1.1
Spellcasting   | |  2.6
Translocations | |  4.8

Action                     |  1- 3 |  4- 6 || total
---------------------------+-------+-------++-------
  Melee: Short sword       |   262 |    89 ||   351
         Punch             |     3 |     3 ||     6
   Stab: Sleeping          |     5 |       ||     5
 Armour: Robe              |    66 |    36 ||   102
  Dodge: Dodged            |   183 |    68 ||   251
